 Dungeon Crawl Stone Soup version 0.29.1-debian-1-gc3f1650bb9 (webtiles) character file.

Game seed: 8076543141574509284

5 ytrimaz the Chopper (level 1, 0/17 HPs)
             Began as a Demonspawn Gladiator on Sept 12, 2022.
             Slain by a ball python (1 damage)
             ... on level 1 of the Dungeon.
             The game lasted 00:00:17 (162 turns).

ytrimaz the Chopper (Demonspawn Gladiator)           Turns: 162, Time: 00:00:18

Health: 0/17       AC:  4    Str: 14    XL:     1   Next: 66%
Magic:  1/1        EV: 12    Int:  9    God:
Gold:   32         SH:  0    Dex: 14    Spells: 0/0 levels left

rFire   . . .      SeeInvis .   a - +0 war axe
rCold   . . .      Faith    .   (no shield)
rNeg    . . .      Spirit   .   b - +0 leather armour
rPois   .          Reflect  .   c - +0 helmet
rElec   .          Harm     .   (no cloak)
rCorr   .          Rampage  .   (no gloves)
Will    .....                   (no boots)
Stlth   +.........              (no amulet)
HPRegen 0.05/turn               (no ring)
MPRegen 0.07/turn               (no ring)

@: no status effects
A: no striking features
a: no special abilities


You were on level 1 of the Dungeon.
You visited 1 branch of the dungeon, and saw 1 of its levels.

You collected 32 gold pieces.


   Skills:
 * Level 2.3 Fighting
 + Level 2.8 Axes
 - Level 1.7 Throwing
 - Level 2.6 Dodging


You couldn't memorise any spells.
You didn't know any spells.
Your spell library was empty.

Inventory:

Hand Weapons
 a - a +0 war axe (weapon)
Missiles
 d - 3 throwing nets (quivered)
 e - a javelin
Armour
 b - a +0 leather armour (worn)
 c - a +0 helmet (worn)

Dungeon Overview and Level Annotations

Branches:
Dungeon (1/15) Zot: 5832

Altars:

# #.#.## ####.#####
#...[ .......... #K#.#
########## #.#.# #....
#... #########.### .
#..#...........# # #.#
#....#########.# #
#...###@##.# #.###
#.w.S..#.# #....
#...##.†...# ##..#
....###...### #.##
..........### #..8
##.###.....##########..#
#.##..................#
#....#.........#####..#
####.....#####.#####..8


You could see a dart slug, a ball python and a kobold.


Message History

You slash the quokka!
You kill the quokka!
Unknown command.
No target in view! 😕 HP[+1] Key pressed, stopping explore.
Unknown command. 😎 HP[+2]
Your hp is fully restored (16).
You now have 27 gold pieces (gained 2).
Key pressed, stopping explore.
f - a bubbling amethyst potion No target in view!
A rat comes into view.
A bat comes into view.
There are monsters nearby!
There are monsters nearby!
Found a stone staircase leading down.
There are monsters nearby!
The bat hits you but does no damage.
A bat is nearby!
You slash the bat!
You kill the bat!
No target in view!
No target in view!
Unknown command.
No target in view!
You see here a +0 whip.
A rat is nearby!
You hit the rat.
You kill the rat!
No target in view!
You see here a +0 whip.
You now have 32 gold pieces (gained 5).
A ball python comes into view.
Unknown command.
A ball python is nearby!
A ball python is nearby!
The ball python hisses angrily.
A ball python is nearby!
A dart slug comes into view.
The ball python bites you. The ball python grabs you.
The ball python constricts you. 😕 HP[-3]
You take 3 damage, and now have 13/16 hp.
You barely miss the ball python. The ball python bites you.
The ball python constricts you. The ball python completely misses you.
The ball python constricts you. 😮 HP[-4]
You take 4 damage, and now have 9/16 hp.
MASSIVE DAMAGE!! (PAUSE)
You are too injured to fight recklessly!
You closely miss the ball python. The ball python bites you.
* * * LOW HITPOINT WARNING * * *
The ball python constricts you. 😨 HP[-3]
You take 3 damage, and now have 6/16 hp.
You slash the ball python!
You kill the ball python! 😨 HP[+1]
You now have 17 max hp (+1).
Unknown command.
You are too injured to fight recklessly!
A ball python comes into view.
The ball python hisses angrily.
The dart slug launches a dart at you. The slug dart misses you.
You see here a ball python corpse.
You are too injured to fight recklessly!
The ball python closely misses you. The ball python grabs you.
The ball python constricts you. The ball python bites you.
* * * LOW HITPOINT WARNING * * *
The ball python constricts you.
* * * LOW HITPOINT WARNING * * *
😱 HP[-4]
You take 4 damage, and now have 3/17 hp.
MASSIVE DAMAGE!! (PAUSE)
You hit the ball python. The ball python bites you.
* * * LOW HITPOINT WARNING * * *
The ball python constricts you.
* * * LOW HITPOINT WARNING * * *
😱 HP[-2]
You take 2 damage, and now have 1/17 hp.
You completely miss the ball python. The ball python closely misses you.
The ball python constricts you.
The ball python bites you but does no damage.
The ball python constricts you.
Unknown command.
It was a potion of magic.
Magic courses through your body.
The ball python bites you but does no damage.
The ball python constricts you.
You aren't carrying any scrolls.
Unknown command.
You escape the ball python's grasp.
A kobold comes into view. It is wielding a +0 club.
Unknown command.
You closely miss the ball python. The ball python bites you.
You die...

Action                   || total
-------------------------++-------
Melee: War axe           ||    12
  Use: Potion            ||     1
Armor: Leather armour    ||     5
Dodge: Dodged            ||    10

Levels and vault maps discovered:
D:1:      scummos_arrival_simple_crosswalls, layout_loops_ring,
          basic_ecumenical_altar

Notes
Turn   | Place    | Note
-------+----------+-------------------------------------------
     0 | D:1      | ytrimaz the Demonspawn Gladiator began the quest for the
                  | Orb.
     0 | D:1      | Reached XP level 1. HP: 16/16 MP: 1/1
     0 | D:1      | magus.rc [v1.9.6]
   157 | D:1      | HP: 4/17 [ball python (3)]
   158 | D:1      | HP: 1/17 [constriction (1)]
   162 | D:1      | Slain by a ball python

Vanquished Creatures
  A bat (D:1)
  A goblin (D:1)
  A quokka (D:1)
  A ball python (D:1)
  A rat (D:1)
5 creatures vanquished.

Table legend:
 A = Non-vault XP
 B = Vault XP
 C = Vault XP percentage of total XP
 D = Non-vault monster count
 E = Vault monster count
 F = Vault count percentage of total count
                 A         B        C        D         E       F
            +---------+---------+-------+---------+---------+-------
      Total |       8 |       0 |   0.0 |       5 |       0 |   0.0
            +---------+---------+-------+---------+---------+-------
        D:1 |       8 |       0 |   0.0 |       5 |       0 |   0.0
            +---------+---------+-------+---------+---------+-------

Illustrated notes

Table legend:
 A = Kills in this place as a percentage of kills in entire the game.
 B = Kills by you in this place as a percentage of kills by you in the entire game.
 C = Kills by friends in this place as a percentage of kills by friends in the entire game.
 D = Other kills in this place as a percentage of other kills in the entire game.
 E = Experience gained in this place as a percentage of experience gained in the entire game.
 F = Experience gained in this place divided by the number of levels of this place that you have seen.
                   A       B       C       D       E      F
               +-------+-------+-------+-------+-------+----------------------
         Total | 100.0 | 100.0 |   N/A |   N/A | 100.0 |   8.0
       Dungeon | 100.0 | 100.0 |   N/A |   N/A | 100.0 |   8.0
               +-------+-------+-------+-------+-------+----------------------

Table legend: (Time is in decaauts)
 A = Elapsed time spent in this place.
 B = Non-inter-level travel time spent in this place.
 C = Inter-level travel time spent in this place.
 D = Time resting spent in this place.
 E = Time spent auto-exploring this place.
 F = Levels seen in this place.
 G = Mean time per level.
                   A        B        C        D        E       F      G
               +--------+--------+--------+--------+--------+-----+--------+
         Total |    165 |    165 |      0 |      0 |    129 |   1 |  165.0 |
       Dungeon |    165 |    165 |      0 |      0 |    129 |   1 |  165.0 |
               +--------+--------+--------+--------+--------+-----+--------+

Top non-repeatable levels by time:
     D:1: 165 daAuts
